 Dungeon Crawl Stone Soup version 0.25-a0-365-g7600c65 (webtiles) character file.

Game seed: 5611262300839297924, levelgen mode: deterministic

2411 sauken the Cutter (level 9, 0/168 HPs)
             Began as a Demigod Wanderer on Jan 5, 2020.
             Succumbed to a gnoll's poison
             ... on level 6 of the Dungeon.
             The game lasted 00:14:11 (7798 turns).

sauken the Cutter (Demigod Wanderer)                Turns: 7798, Time: 00:14:11

Health: 0/168      AC: 24    Str: 27    XL:     9   Next: 3%
Magic:  12/12      EV:  2    Int: 15    God:
Gold:   218        SH:  0    Dex: 20    Spells: 8/8 levels left

rFire    . . .     SeeInvis .   v - +0 rapier
rCold    . . .     Gourm    .   (no shield)
rNeg     + + +     Faith    .   (armour currently unavailable)
rPois    +         Spirit   .   (helmet currently unavailable)
rElec    .         Reflect  .   (cloak currently unavailable)
rCorr    +         Harm     .   (gloves currently unavailable)
MR       .....     NoTele   +   (boots currently unavailable)
Stlth    ..........             (no amulet)
HPRegen  0.38/turn              o - ring of resist corrosion
MPRegen  0.13/turn              (no ring)

@: agile, berserking, lethally poisoned (0 -> -12), tree-form, hasted, very
quick
A: high mp 1
a: no special abilities


You were on level 6 of the Dungeon.
You were not hungry.
You were a tree.
You visited 2 branches of the dungeon, and saw 8 of its levels.

You collected 275 gold pieces.
You spent 57 gold pieces at shops.

Inventory:

Hand Weapons
 a - a +2 short sword
 b - a +0 hand crossbow
 v - a +0 rapier (weapon)
   (You found it on level 4 of the Dungeon)
Missiles
 c - 61 bolts
 y - a javelin (quivered)
Armour
 e - a +0 robe
 g - a +1 helmet (melded)
   (You took it off Robin on level 4 of the Dungeon)
 n - a +2 pair of boots (melded)
   (You found it on level 1 of the Dungeon)
 q - a +0 chain mail (melded)
   (You found it on level 4 of the Dungeon)
 u - a +0 ring mail
   (You found it on level 2 of the Dungeon)
Jewellery
 h - an uncursed ring of protection from magic {MR+, !d}
   (You found it on level 4 of the Dungeon)
 o - a ring of resist corrosion (left branch)
   (You found it on level 1 of the Dungeon)
Wands
 z - a wand of digging (6)
   (You found it on level 6 of the Dungeon)
Scrolls
 j - 2 scrolls of random uselessness
 m - 2 scrolls of magic mapping {!r}
 r - a scroll of teleportation
 s - 2 scrolls of remove curse
 t - a scroll of noise {unknown}
 w - a scroll of amnesia
 x - 2 scrolls of identify
 A - a scroll of silence {unknown}
Potions
 d - a potion of lignification {!q}
Comestibles
 f - 5 rations


   Skills:
 - Level 5.6 Fighting
 - Level 7.3 Short Blades
 - Level 1.0 Throwing
 + Level 5.4 Armour
 + Level 5.0 Dodging
 - Level 1.0 Stealth
 - Level 1.0 Evocations


You had 8 spell levels left.
You didn't know any spells.
Your spell library contained the following spells:

 Spells                   Type           Power        Failure   Level  Hunger
 Summon Small Mammal      Summ           #...         26%         1    ##.....
 Call Imp                 Summ           #.......     38%         2    ###....
 Call Canine Familiar     Summ           #.......     63%         3    ####...
 Summon Guardian Golem    Hex/Summ       #.......     63%         3    ####...
 Summon Ice Beast         Ice/Summ       #.......     95%         4    #####..
 Summon Lightning Spire   Summ/Air       #.......     95%         4    #####..


Dungeon Overview and Level Annotations

Branches:
Dungeon (7/15)             Temple (1/1) D:6

Shops:
D:6 (**[(


Innate Abilities, Weirdness & Mutations

You have an increased reservoir of magic. (+10% MP)


Message History

You are poisoned.
You barely miss the gnoll.
You feel sick.
You take 1 damage, and have 12/75 hp.
You closely miss the gnoll. The gnoll barely misses you.
A gnoll comes into view. It is wielding a +0 halberd.
Your chain mail prevents you from hitting the gnoll.
You feel sick.
The gnoll shouts!
You hear a shout!
The gnoll closely misses you.
You feel sick.
You see here a poisoned dart.
You take 1 damage, and have 11/75 hp.
You see here a poisoned dart.
You feel sick.
You take 1 damage, and have 11/75 hp.
Things that are here:
3 arrows; a +0 club; a +0 chain mail An orc comes into view.
It is wielding a +0 flail.
You feel sick.
The orc shouts!
The gnoll hits you but does no damage.
You are more poisoned.
You take 1 damage, and have 10/75 hp.
You feel sick.
You take 1 damage, and have 10/75 hp.
You feel sick. The orc hits you but does no damage.
You take 1 damage, and have 9/75 hp.
You hit the orc. You puncture the orc!
You kill the orc!
You feel sick. The gnoll hits you but does no damage.
You take 1 damage, and have 8/75 hp.
You see here a +0 flail.
You feel sick.
You take 1 damage, and have 8/75 hp.
You feel sick.
You take 1 damage, and have 7/75 hp.
You feel sick.
You take 1 damage, and have 7/75 hp.
You see here a stone.
You feel sick.
You feel sick.
There is a stone staircase leading up here.
You feel sick. The gnoll completely misses you.
You climb upwards.
There is a stone staircase leading down here.
Your chain mail prevents you from hitting the gnoll.
The gnoll misses you.
Okay, then.
Unknown command.
You closely miss the gnoll. The gnoll barely misses you.
Unknown command.
You barely miss the gnoll.
You feel sick.
You are no longer poisoned.
The gnoll hits you but does no damage.
You are lethally poisoned!
You take 1 damage, and have 6/75 hp.
Really quaff
d - 2 potions of lignification {!q}?
Really quaff the potion of lignification?
You turn into a tree.
Your +1 helmet melds into your body.
Your +2 pair of boots melds into your body.
Your +0 chain mail melds into your body.
Your roots penetrate the ground.
You feel sick. The gnoll hits you but does no damage.
You now have 9/112 hp.
You barely miss the gnoll.
You feel sick. The gnoll hits you but does no damage.
You are lethally poisoned!
You take 1 damage, and have 8/112 hp.
You barely miss the gnoll.
* * * LOW HITPOINT WARNING * * *
You feel sick.
The gnoll hits you with a +0 whip of venom.
* * * LOW HITPOINT WARNING * * *
You take 4 damage, and have 4/112 hp.
Unknown command.
It was a potion of flight.
Your roots keep you in place.
* * * LOW HITPOINT WARNING * * *
You feel sick.
The gnoll hits you with a +0 whip of venom.
* * * LOW HITPOINT WARNING * * *
You take 1 damage, and have 3/112 hp.
It was a potion of haste.
You feel yourself speed up.
* * * LOW HITPOINT WARNING * * *
You feel sick. The gnoll hits you but does no damage.
You take 1 damage, and have 2/112 hp.
It was a potion of agility.
You feel agile all of a sudden.
* * * LOW HITPOINT WARNING * * *
You feel sick.
You take 1 damage, and have 1/112 hp.
Really quaff
p - a potion of berserk rage {!q}?
A red film seems to cover your vision as you go berserk!
You feel yourself moving faster!
You feel mighty!
* * * LOW HITPOINT WARNING * * *
You feel sick. The gnoll hits you but does no damage.
You are more poisoned.
You now have 1/168 hp.
You puncture the gnoll!
You die...

..................# #..#
..................# #.##
.................#####.#
...###..........## #...#
...###.##...#..## #.###
........#...#.## #.#
.##...........## #.#
.##............### #.#
###..........#.g♣# #.#
#.......#############
#.......#..°.....°....°.°.#
#.......#.°....○..°.......#
#.......#..○°........°...○#
#.......#.....°.........○.#
#.......#.................#
#.......#.................#
#######.8.................#


You could see a gnoll.

Vanquished Creatures
  Sigmund (D:2)
  Eustachio (D:5)
  2 ice beasts
  3 sky beasts (D:5)
  A phantom (D:7)
  2 ogres
  2 centaurs
  2 big kobolds (D:7)
  A gnoll sergeant (D:7)
  A scorpion (D:6)
  2 howler monkeys
  2 crimson imps
  A bullfrog zombie (D:7)
  A centaur zombie (D:5)
  4 hounds
  An orc priest (D:5)
  Natasha (twice) (D:3)
  4 iguanas
  6 worker ants
  Robin (D:4)
  8 gnolls
  8 adders
  2 howler monkey skeletons (D:5)
  2 shadow imps
  An ooze (D:6)
  An adder skeleton (D:4)
  2 worms
  A dart slug (D:1)
  A leopard gecko (D:3)
  10 orcs
  8 giant cockroaches
  13 goblins
  14 hobgoblins
  15 jackals
  11 kobolds
  2 quokkas
  2 ball pythons
  8 bats
  2 frilled lizards (D:1)
  4 rats
155 creatures vanquished.

Vanquished Creatures (others)
  A scorpion (D:5)
  An adder skeleton (D:5)
  A worm (D:5)
3 creatures vanquished.

Grand Total: 158 creatures vanquished

Notes
Turn   | Place    | Note
-------+----------+-------------------------------------------
     0 | D:1      | sauken the Demigod Wanderer began the quest for the Orb.
     0 | D:1      | sauken set off with the following items: a +2 short sword,
                  | a +0 hand crossbow, 26 bolts, a potion of lignification
                  | {!q}, a +0 robe, a ration
     0 | D:1      | Reached XP level 1. HP: 18/18 MP: 3/3
    62 | D:1      | Reached skill level 2 in Short Blades
   114 | D:1      | Reached XP level 2. HP: 25/25 MP: 5/5
   430 | D:1      | Reached skill level 3 in Fighting
  1191 | D:2      | Reached skill level 3 in Short Blades
  1191 | D:2      | Reached XP level 3. HP: 26/31 MP: 6/6
  1201 | D:2      | Noticed Sigmund
  1229 | D:2      | Killed Sigmund
  1229 | D:2      | Reached skill level 4 in Short Blades
  1229 | D:2      | Reached XP level 4. HP: 40/40 MP: 7/7
  1229 | D:2      | Reached XP level 5. HP: 46/46 MP: 8/8
  1528 | D:2      | Found an ancient bone altar of Kikubaaqudgha.
  1703 | D:2      | Reached skill level 4 in Fighting
  1896 | D:3      | Found a hide-covered altar of Uskayaw.
  1896 | D:3      | Found a bloodstained altar of Trog.
  2380 | D:4      | Found a shattered altar of Ashenzari.
  2385 | D:4      | Noticed Natasha
  2578 | D:3      | HP: 17/69 [shadow imp[Natasha] (4)]
  2583 | D:3      | HP: 10/69 [poisoned by a worker ant]
  2585 | D:3      | Killed Natasha
  2585 | D:3      | Reached skill level 5 in Short Blades
  2587 | D:3      | HP: 3/46 [poisoned by a worker ant]
  2823 | D:3      | Noticed Natasha
  2831 | D:3      | Killed Natasha
  2831 | D:3      | Reached XP level 6. HP: 45/52 MP: 9/9
  3018 | D:4      | Found an opulent altar of Gozag.
  3147 | D:4      | Noticed Robin
  3185 | D:4      | Killed Robin
  3435 | D:4      | Found a glowing golden altar of the Shining One.
  3562 | D:5      | Entered Level 5 of the Dungeon
  3755 | D:5      | Reached skill level 6 in Short Blades
  3755 | D:5      | Reached XP level 7. HP: 31/60 MP: 10/10
  3762 | D:5      | Reached skill level 5 in Fighting
  4067 | D:5      | Found a shimmering blue altar of Sif Muna.
  4262 | D:5      | Noticed Eustachio
  4331 | D:5      | HP: 14/61 [river rat[Eustachio] (2)]
  4343 | D:5      | HP: 6/61 [shadow imp/nerve-wracking pain[Eustachio] (9)]
  4360 | D:5      | HP: 14/61 [bat[Eustachio] (1)]
  4369 | D:5      | HP: 14/61 [bat[Eustachio] (1)]
  4730 | D:5      | Killed Eustachio
  4730 | D:5      | Reached skill level 7 in Short Blades
  5205 | D:5      | Reached skill level 2 in Armour
  5205 | D:5      | Reached skill level 1 in Dodging
  5205 | D:5      | Reached XP level 8. HP: 56/70 MP: 11/11
  5328 | D:5      | Found a stormy altar of Qazlal.
  5346 | D:5      | Reached skill level 2 in Dodging
  5847 | D:6      | Reached skill level 3 in Armour
  6055 | D:6      | Found Bikkoma's Armour Emporium.
  6246 | D:7      | Reached skill level 3 in Dodging
  6293 | D:7      | Reached skill level 4 in Armour
  6523 | D:6      | Found Caanio's General Store.
  6539 | D:6      | Reached skill level 4 in Dodging
  6668 | D:6      | HP: 16/70 [centaur (5)]
  6671 | D:6      | Reached skill level 5 in Armour
  6980 | D:6      | Found Ukkyor's Assorted Antiques.
  6997 | D:6      | Bought a scroll labeled ORICWO RAGATO for 30 gold pieces
  6997 | D:6      | Bought an inky potion for 27 gold pieces
  6999 | D:6      | Found Uxkesog's Antique Weapon Emporium.
  7140 | D:6      | Found Ecruiceh's Weapon Boutique.
  7249 | D:6      | Found a staircase to the Ecumenical Temple.
  7258 | Temple   | Entered the Ecumenical Temple
  7704 | D:7      | Reached XP level 9. HP: 50/75 MP: 12/12
  7749 | D:7      | HP: 17/75 [gnoll sergeant/+0 spear (2)]
  7752 | D:7      | Reached skill level 5 in Dodging
  7755 | D:7      | HP: 12/75 [poisoned by a gnoll]
  7760 | D:7      | HP: 11/75 [poisoned by a gnoll]
  7765 | D:7      | HP: 10/75 [poisoned by a gnoll]
  7770 | D:7      | HP: 8/75 [poisoned by a gnoll]
  7775 | D:7      | HP: 7/75 [poisoned by a gnoll]
  7782 | D:7      | HP: 7/75 [poisoned by a gnoll]
  7790 | D:6      | HP: 6/75 [poisoned by a gnoll]
  7795 | D:6      | HP: 2/112 [poisoned by a gnoll]
  7798 | D:6      | Succumbed to a gnoll's poison

Levels and vault maps discovered:
D:1:      psy_arrival_spokes, layout_loops_corners, moated_statue
D:2:      layout_basic, lemuel_zombie_altar_kikubaaqudgha, first_ration,
          uniq_sigmund
D:3:      layout_rooms, grunt_temple_overflow_open
D:4:      layout_basic, nicolae_overflow_hidden_temple, lemuel_crystal_altar,
          minmay_strange_pillars, ashenzari_altar_1, uniq_natasha, uniq_robin
D:5:      layout_rooms, lemuel_round_altar, nicolae_qazlal_general_emergency,
          kennysheep_cross_room, lemuel_flamethrower_2, uniq_eustachio
D:6:      layout_rooms, lemuel_temple_firewalk_a, serial_shops,
          nicolae_shop_waterfront, shop, kennysheep_little_box, shop, shop,
          minmay_fractal_squares_gapless_5
D:7:      layout_loops_ring, makhleb_altar_promises_db, uniq_prince_ribbit1
Temple:   nicolae_temple_hex_pool

Skill      XL: |  1  2  3  4  5  6  7  8  9 |
---------------+----------------------------+-----
Short Blades   | 2 3 4 5 6 7 |  7.3
Fighting       | 3 4 5 |  5.6
Armour         | 2 5 |  5.4
Dodging        | 1 4 5 |  5.0
Throwing       | |  1.0
Stealth        | |  1.0
Evocations     | |  1.0

Action                   |  1- 3 |  4- 6 |  7- 9 || total
-------------------------+-------+-------+-------++-------
Melee: Short sword       |    84 |   200 |       ||   284
       Rapier            |       |    26 |   440 ||   466
Throw: Dart              |       |    42 |    86 ||   128
       Boomerang         |       |     5 |       ||     5
       Javelin           |       |       |     1 ||     1
  Use: Potion            |     1 |     2 |     6 ||     9
       Scroll            |       |     1 |    10 ||    11
 Stab: Sleeping          |     3 |       |       ||     3
  Eat: Chunk             |       |     8 |     5 ||    13
       Ration            |       |       |     3 ||     3
Armor: Robe              |    17 |       |       ||    17
       Skin              |    11 |     1 |     4 ||    16
       Ring mail         |       |    91 |   185 ||   276
       Chain mail        |       |       |   129 ||   129
Dodge: Dodged            |    48 |   120 |   280 ||   448

Table legend:
 A = Non-vault XP
 B = Vault XP
 C = Vault XP percentage of total XP
 D = Non-vault monster count
 E = Vault monster count
 F = Vault count percentage of total count
                 A         B        C        D         E       F
            +---------+---------+-------+---------+---------+-------
      Total |    2901 |     544 |  15.8 |     140 |      15 |   9.7
            +---------+---------+-------+---------+---------+-------
        D:1 |      39 |       0 |   0.0 |      22 |       0 |   0.0
        D:2 |      47 |     220 |  82.4 |      12 |       1 |   7.7
        D:3 |     133 |      36 |  21.3 |      26 |       1 |   3.7
        D:4 |     319 |      32 |   9.1 |      13 |      11 |  45.8
        D:5 |     828 |     208 |  20.1 |      21 |       1 |   4.5
        D:6 |     721 |      48 |   6.2 |      22 |       1 |   4.3
        D:7 |     814 |       0 |   0.0 |      24 |       0 |   0.0
            +---------+---------+-------+---------+---------+-------

Levels and vault maps discovered:
D:1:      psy_arrival_spokes, layout_loops_corners, moated_statue
D:2:      layout_basic, lemuel_zombie_altar_kikubaaqudgha, first_ration,
          uniq_sigmund
D:3:      layout_rooms, grunt_temple_overflow_open
D:4:      layout_basic, nicolae_overflow_hidden_temple, lemuel_crystal_altar,
          minmay_strange_pillars, ashenzari_altar_1, uniq_natasha, uniq_robin
D:5:      layout_rooms, lemuel_round_altar, nicolae_qazlal_general_emergency,
          kennysheep_cross_room, lemuel_flamethrower_2, uniq_eustachio
D:6:      layout_rooms, lemuel_temple_firewalk_a, serial_shops,
          nicolae_shop_waterfront, shop, kennysheep_little_box, shop, shop,
          minmay_fractal_squares_gapless_5
D:7:      layout_loops_ring, makhleb_altar_promises_db, uniq_prince_ribbit1
Temple:   nicolae_temple_hex_pool

Table legend:
 A = Turns spent in this place as a percentage of turns spent in the entire game.
 B = Non-inter-level travel turns spent in this place as a percentage of non-inter-level travel turns spent in the entire game.
 C = Inter-level travel turns spent in this place as a percentage of turns spent in this place.
 D = Turns resting spent in this place as a percentage of non-inter-level travel turns spent in this place.
 E = Turns spent auto-exploring this place as a percentage of non-inter-level travel turns spent in this place.
 F = Non-inter-level travel turns spent in this place divided by the number of levels of this place that you've seen.
                   A       B       C       D       E      F
               +-------+-------+-------+-------+-------+----------------------
         Total | 100.0 | 100.0 |   5.1 |  29.5 |  47.7 | 924.6
       Dungeon |  98.7 |  98.9 |   5.0 |  29.8 |  47.2 | 1045.4
        Temple |   1.3 |   1.1 |  19.4 |   0.0 |  93.7 |  79.0
               +-------+-------+-------+-------+-------+----------------------

Table legend:
 A = Kills in this place as a percentage of kills in entire the game.
 B = Kills by you in this place as a percentage of kills by you in the entire game.
 C = Kills by friends in this place as a percentage of kills by friends in the entire game.
 D = Other kills in this place as a percentage of other kills in the entire game.
 E = Experience gained in this place as a percentage of experience gained in the entire game.
 F = Experience gained in this place divided by the number of levels of this place that you have seen.
                   A       B       C       D       E      F
               +-------+-------+-------+-------+-------+----------------------
         Total | 100.0 | 100.0 |   N/A |   N/A | 100.0 | 430.6
       Dungeon | 100.0 | 100.0 |   N/A |   N/A | 100.0 | 492.1
               +-------+-------+-------+-------+-------+----------------------
